 Dungeon Crawl Stone Soup version 0.28-a0-8-g6e044cf (webtiles) character file.

Game seed: 10098132108827282081

219 Geeful the Skirmisher (level 5, -1/57 HPs)
             Began as an Ogre Monk on July 24, 2021.
             Slain by an iguana (13 damage)
             ... on level 4 of the Dungeon.
             The game lasted 00:07:53 (3316 turns).

Geeful the Skirmisher (Ogre Monk)                   Turns: 3316, Time: 00:07:53

Health: -1/57      AC:  3    Str: 16    XL:     5   Next: 96%
Magic:  5/5        EV: 11    Int: 11    God:
Gold:   88         SH:  0    Dex: 17    Spells: 4/4 levels left

rFire   . . .      SeeInvis .   k - +0 flail
rCold   . . .      Faith    .   (no shield)
rNeg    . . .      Spirit   .   b - +0 robe
rPois   .          Reflect  .   (helmet restricted)
rElec   .          Harm     .   (no cloak)
rCorr   .          Rampage  .   (gloves unavailable)
Will    .....                   (boots unavailable)
Stlth   ++........              (no amulet)
HPRegen 0.19/turn               i - +6 ring of dexterity
MPRegen 0.09/turn               (no ring)

@: no status effects
A: large, unfitting armour, tough skin 1
a: no special abilities


You were on level 4 of the Dungeon.
You visited 1 branch of the dungeon, and saw 4 of its levels.

You collected 88 gold pieces.

Inventory:

Hand Weapons
 k - a +0 flail (weapon)
Missiles
 e - 2 atropa-tipped darts (quivered)
Armour
 b - a +0 robe (worn)
Jewellery
 i - a +6 ring of dexterity (left hand)
Potions
 a - 2 potions of invisibility {unknown}
 c - a potion of degeneration {unknown}
 d - a potion of resistance {unknown}
 f - 2 potions of curing
 h - 2 potions of heal wounds


   Skills:
 + Level 5.5 Fighting
 + Level 3.8 Maces & Flails
 + Level 2.1 Throwing
 + Level 3.7 Dodging
 - Level 1.4 Stealth


You had 4 spell levels left.
You didn't know any spells.
Your spell library contained the following spells:

 Spells                   Type           Power      Damage    Failure   Level
 Magic Dart               Conj           0%         1d3       34%         1
 Call Imp                 Summ           0%         N/A       47%         2
 Mephitic Cloud           Conj/Pois/Air  0%         N/A       71%         3


Dungeon Overview and Level Annotations

Branches:
Dungeon (4/15)
 Temple: D:4-7

Altars:


Innate Abilities, Weirdness & Mutations

You are too large for most types of armour.
You have tough skin. (AC +1)


Message History

There is a stone staircase leading up here.
No target in view!
No target in view!
No target in view!
The iguana is no longer blind.
The iguana bites you!
You sock the iguana!
The iguana is heavily wounded.
The iguana barely misses you. The iguana closely misses you.
You closely miss the iguana.
The iguana is heavily wounded.
The iguana closely misses you.
You hit the iguana but do no damage.
The iguana is heavily wounded.
The iguana closely misses you.
You closely miss the iguana.
The iguana is heavily wounded.
The iguana bites you.
You hit the iguana.
The iguana is severely wounded.
The iguana closely misses you.
You barely miss the iguana.
The iguana is severely wounded.
The iguana bites you.
The iguana bites you but does no damage.
You closely miss the iguana.
The iguana is severely wounded.
The iguana bites you!
* * * LOW HITPOINT WARNING * * *
You closely miss the iguana.
The iguana is severely wounded.
The iguana closely misses you.
You hit the iguana but do no damage.
The iguana is severely wounded.
The iguana bites you!
* * * LOW HITPOINT WARNING * * *
You feel better. The iguana misses you.
You hit the iguana.
The iguana is almost dead.
The iguana bites you!
You die...

#.# #.# ## #.# .. #.#
.# #.# .# ##.
###########.####.#.....
..(.....(..............
#######<#.###..#.....##
#@#..# #..#.......
##l#.# #.##.#..###
#.#......# .#..# ..#
#.#.### .# ... ###
.##.# .# ##. # # . Z# #


You could see an iguana.

Vanquished Creatures
  2 orc priests (D:3)
  A hound skeleton (D:4)
  6 adders
  A worm (D:3)
  A dart slug (D:2)
  8 orcs
  2 bats (D:1)
  6 endoplasms
  7 giant cockroaches
  6 goblins
  6 hobgoblins
  7 jackals
  7 kobolds
  4 quokkas
  4 ball pythons
  6 frilled lizards
  4 rats
78 creatures vanquished.

Notes
Turn   | Place    | Note
-------+----------+-------------------------------------------
     0 | D:1      | Geeful the Ogre Monk began the quest for the Orb.
     0 | D:1      | Reached XP level 1. HP: 24/24 MP: 1/1
    48 | D:1      | Reached XP level 2. HP: 17/32 MP: 2/2
    55 | D:1      | HP: 1/32 [frozen (4)]
   395 | D:1      | Found a faded altar of an unknown god.
   395 | D:1      | Noticed an eye of devastation
   411 | D:1      | Noticed a floating eye
   411 | D:1      | Noticed an eye of devastation
   411 | D:1      | Noticed a floating eye
   637 | D:1      | Reached XP level 3. HP: 40/40 MP: 3/3
  1240 | D:2      | Reached XP level 4. HP: 26/49 MP: 4/4
  1536 | D:2      | Reached skill level 1 in Throwing
  1896 | D:2      | Reached skill level 5 in Fighting
  1999 | D:3      | Reached XP level 5. HP: 34/57 MP: 5/5
  3316 | D:4      | Slain by an iguana

Illustrated notes

Levels and vault maps discovered:
D:1:      minmay_arrival_checkered_box, layout_rooms,
          hellmonk_ecumenical_altar_watching_god
D:2:      layout_rooms
D:3:      layout_basic, minmay_misc_feat_square, minmay_misc_feat_more_columns,
          dk_vineyard_2, minmay_misc_feat_alley
D:4:      layout_loops_ring, minmay_manual_mess

Skill      XL: |  1  2  3  4  5 |
---------------+----------------+-----
Dodging        | 3 |  3.7
Maces & Flails | 3 |  3.8
Throwing       | 1 2 |  2.1
Fighting       | 5 |  5.5
Stealth        | |  1.4

Action                   |  1- 3 |  4- 6 || total
-------------------------+-------+-------++-------
Melee: Mace              |   110 |    54 ||   164
       Flail             |       |    77 ||    77
Throw: Stone             |     1 |       ||     1
       Dart              |       |     8 ||     8
  Use: Scroll            |     2 |     3 ||     5
       Potion            |       |     1 ||     1
Armor: Robe              |    53 |    15 ||    68
Dodge: Dodged            |    79 |    76 ||   155

Table legend: (Time is in decaauts)
 A = Elapsed time spent in this place.
 B = Non-inter-level travel time spent in this place.
 C = Inter-level travel time spent in this place.
 D = Time resting spent in this place.
 E = Time spent auto-exploring this place.
 F = Levels seen in this place.
 G = Mean time per level.
                   A        B        C        D        E       F      G
               +--------+--------+--------+--------+--------+-----+--------+
         Total |   3369 |   3278 |     91 |      7 |   2622 |   4 |  842.2 |
       Dungeon |   3369 |   3278 |     91 |      7 |   2622 |   4 |  842.2 |
               +--------+--------+--------+--------+--------+-----+--------+

Top non-repeatable levels by time:
     D:3: 1320 daAuts
     D:1: 1016 daAuts
     D:2: 978 daAuts
     D:4: 53 daAuts
